Map: Dusk Towers

Players

FLORENCIO - Winner!

  • Race: Protoss Protoss
  • League: Master

xjzevo

  • Race: Zerg Zerg
  • League: Master

VOD

Have the link to the VOD?

Description

Time

  • Played on: May 31, 2016, 2:18 a.m.
  • Length: 15:02
Show
View Real Time Build Order
Export as new Build Order

FLORENCIO Protoss - Winner!

Build Orders:  

Get SALT Encoding   

  12  0:01  Probe (Chrono Boost)  
  13  0:12  Probe (Chrono Boost)  
  14  0:22  Probe (Chrono Boost)  
  15  0:31  Pylon  
  15  0:41  Assimilator  
  15  0:46  Assimilator  
  15  0:49  Probe (Chrono Boost)  
  16  0:59  Gateway  
  16  1:00  Probe (Chrono Boost)  
  17  1:10  Probe (Chrono Boost)  
  18  1:21  Probe (Chrono Boost)  
  19  1:32  Probe (Chrono Boost)  
  20  1:46  Nexus  
  20  1:50  Probe (Chrono Boost)  
  21  2:00  Probe (Chrono Boost)  
  22  2:03  Cybernetics Core  
  22  2:14  Probe (Chrono Boost)  
  23  2:28  Pylon  
  23  2:47  Probe (Chrono Boost)  
  23  2:50  Stalker (Chrono Boost)  
  26  2:57  Probe (Chrono Boost)  
  27  3:01  Pylon  
  27  3:02  Assimilator  
  27  3:03  Probe (Chrono Boost)  
  28  3:07  Probe (Chrono Boost)  
  29  3:13  Probe  
  29  3:19  Mothership Core  
  32  3:25  Stargate  
  32  3:26  Stargate  
  32  3:31  Stargate  
  32  3:35  Assimilator, Probe  
  32  3:41  Probe  
  34  3:45  Probe  
  35  3:53  Probe  
  36  4:00  Probe  
  37  4:05  Probe  
  38  4:12  Probe  
  38  4:14  Pylon  
  38  4:16  Oracle x2  
  42  4:18  Oracle  
  48  4:25  Probe  
  48  4:27  Probe  
  50  4:34  Pylon  
  50  4:36  Probe  
  51  4:39  Probe  
  55  4:54  Oracle (Chrono Boost)  
  55  4:57  Oracle x2 (Chrono Boost)  
  61  5:05  Pylon x2, Probe  
  61  5:06  Probe  
  63  5:15  Forge  
  63  5:24  Probe  
  63  5:25  Probe  
  65  5:34  Probe  
  65  5:37  Probe  
  79  6:03  Oracle (Chrono Boost)  
  76  6:07  Oracle x2 (Chrono Boost)  
  76  6:26  Photon Cannon  
  76  6:27  Photon Cannon  
  76  6:29  Pylon, Photon Cannon  
  76  6:34  Oracle (Chrono Boost)  
  76  6:38  Pylon  
  85  6:41  Pylon  
  85  6:43  Oracle x2 (Chrono Boost)  
  85  6:51  Pylon  
  85  6:52  Photon Cannon  
  85  6:57  Nexus  
  85  6:58  Pylon  
  88  7:11  Void Ray (Chrono Boost)  
  97  7:21  Void Ray x2 (Chrono Boost)  
  94  7:48  Void Ray (Chrono Boost)  
  97  7:59  Photon Cannon  
  97  8:00  Photon Cannon  
  97  8:04  Void Ray x2 (Chrono Boost)  
  97  8:25  Void Ray (Chrono Boost)  
  97  8:26  Pylon  
  101  8:29  Assimilator  
  101  8:35  Photon Cannon  
  101  8:36  Pylon  
  101  8:55  Photon Cannon  
  101  8:57  Photon Cannon  
  101  8:59  Pylon  
  101  9:27  Void Ray (Chrono Boost)  
  113  9:32  Void Ray x2 (Chrono Boost)  
  113  9:56  Assimilator  
  113  10:01  Photon Cannon  
  113  10:03  Photon Cannon  
  113  10:04  Void Ray (Chrono Boost)  
  125  10:15  Void Ray x2 (Chrono Boost)  
  125  10:41  Void Ray (Chrono Boost)  
  137  10:58  Void Ray x2 (Chrono Boost)  
  141  11:21  Void Ray (Chrono Boost)  
  139  11:36  Pylon  
  139  11:40  Pylon  
  139  11:41  Pylon  
  139  11:43  Pylon  
  139  11:45  Stargate  
  142  12:05  Void Ray x2 (Chrono Boost)  
  142  12:07  Void Ray (Chrono Boost)  
  138  12:47  Nexus  
  138  12:49  Pylon  
  138  12:51  Pylon  
  138  12:53  Pylon  
  138  13:21  Fleet Beacon  
  138  13:27  Nexus  
  133  14:04  Pylon  
  133  14:07  Pylon  
  133  14:36  Forge  
Show
View Real Time Build Order
Export as new Build Order

xjzevo Zerg 

Build Orders: 3 Hatch before Pool 

Get SALT Encoding   

  12  0:01  Drone  
  13  0:12  Overlord  
  13  0:18  Drone  
  14  0:31  Drone x2  
  16  0:36  Drone  
  17  0:53  Hatchery  
  16  0:58  Drone  
  16  0:59  Drone  
  18  1:21  Hatchery  
  18  1:24  Drone  
  18  1:39  Spawning Pool  
  17  1:41  Drone  
  18  1:52  Drone x2, Extractor  
  19  2:01  Drone  
  20  2:09  Drone x2  
  22  2:16  Drone  
  22  2:18  Drone  
  24  2:27  Drone  
  24  2:29  Drone  
  26  2:34  Drone  
  26  2:36  Queen  
  26  2:37  Queen  
  31  2:45  Drone x3  
  31  2:50  Overlord  
  34  2:54  Metabolic Boost  
  34  3:11  Drone x3  
  34  3:12  Drone x4  
  41  3:17  Overlord  
  41  3:26  Drone  
  42  3:32  Roach Warren  
  41  3:35  Queen  
  41  3:37  Lair  
  41  3:39  Drone x5  
  48  3:43  Drone  
  48  3:46  Drone  
  50  3:48  Overlord x2  
  50  3:52  Spore Crawler  
  49  4:07  Drone x7  
  49  4:08  Drone  
  57  4:13  Spore Crawler, Extractor  
  57  4:16  Zergling x2  
  56  4:21  Overlord x2  
  56  4:25  Drone x2  
  58  4:37  Spore Crawler  
  57  4:40  Drone x3  
  60  4:47  Overlord x3, Hydralisk Den  
  59  4:57  Roach x7  
  73  5:04  Overlord x2, Extractor  
  73  5:05  Overlord, Extractor  
  71  5:12  Glial Reconstitution  
  71  5:15  Drone  
  71  5:16  Drone x7  
  79  5:22  Overseer  
  79  5:26  Drone x3  
  82  5:31  Drone x8  
  90  5:36  Extractor  
  90  5:37  Extractor  
  90  5:40  Overlord  
  88  5:43  Hydralisk x2  
  88  5:47  Hydralisk  
  87  5:52  Hydralisk x2  
  74  5:57  Hydralisk  
  76  6:07  Spore Crawler  
  76  6:08  Queen, Spore Crawler  
  76  6:09  Spore Crawler  
  76  6:10  Hydralisk x2  
  79  6:12  Spore Crawler  
  78  6:23  Drone x2  
  78  6:24  Hydralisk x2  
  84  6:29  Lair  
  84  6:30  Drone  
  85  6:35  Hatchery  
  85  6:39  Drone x3  
  88  6:40  Drone x2  
  88  6:41  Drone  
  90  6:57  Hydralisk x3  
  96  7:17  Hydralisk x4  
  96  7:18  Hydralisk x2  
  108  7:25  Roach x2  
  108  7:26  Roach x2  
  93  7:54  Roach  
  93  7:55  Roach x8  
  111  8:07  Spore Crawler  
  111  8:08  Spore Crawler  
  111  8:09  Drone x3  
  111  8:10  Drone, Queen  
  115  8:15  Drone  
  103  8:26  Drone x3  
  104  8:38  Drone x3  
  107  8:42  Drone x2  
  109  8:53  Drone x3  
  112  9:03  Hydralisk x3  
  116  9:34  Drone x3  
  116  9:35  Drone x2  
  121  9:41  Overseer  
  121  9:46  Hydralisk Den  
  121  9:52  Hatchery  
  119  9:56  Overlord x6  
  119  9:57  Overlord  
  119  10:01  Pneumatized Carapace  
  119  10:19  Muscular Augments  
  119  10:22  Drone x2  
  119  10:23  Drone x5  
  126  10:46  Hydralisk  
  126  10:47  Hydralisk x3  
  129  10:59  Hydralisk  
  129  11:00  Hydralisk x4  
  107  11:34  Hydralisk  
  107  11:35  Hydralisk x7  
  101  11:51  Hydralisk  
  100  11:56  Hatchery  
  91  12:49  Hatchery  
Tags
 
Add a new tag
Caveats
  • Supply blocks, unpowered buildings, or Contaminate may cause inaccurate times.
  • Supply counts are checked every 10 seconds.